 Dungeon Crawl Stone Soup version 0.30-a0-860-g512cf1e979 (webtiles) character file.

Game seed: 7906565510172302836

2356 ytrimaz the Fighter (level 9, -2/113 HPs)
             Began as an Ogre Berserker on Mar 6, 2023.
             Was a Priest of Trog.
             Slain by a wyvern (12 damage)
             ... on level 8 of the Dungeon on Mar 7, 2023.
             The game lasted 00:10:10 (8495 turns).

ytrimaz the Fighter (Ogre Berserker)                Turns: 8495, Time: 00:10:10

Health: -2/113     AC:  4    Str: 27    XL:     9   Next: 44%
Magic:  9/9        EV: 10    Int:  8    God:    Trog [***...]
Gold:   394        SH:  0    Dex:  8    Spells: 8/8 levels left

rFire   . . .      SeeInvis .    a - +0 mace (freeze)
rCold   . . .      Faith    .    (no shield)
rNeg    . . .      Spirit   .    b - +1 animal skin
rPois   .          Reflect  .    (helmet restricted)
rElec   .          Rampage  .    (no cloak)
rCorr   .                        (gloves unavailable)
Will    .....                    (boots unavailable)
Stlth   +                        (no amulet)
HPRegen 0.38/turn                (no ring)
MPRegen 0.11/turn                (no ring)

@: no status effects
A: large, unfitting armour, tough skin 1
a: Renounce Religion, Berserk, Trog's Hand


You were on level 8 of the Dungeon.
You worshipped Trog.
Trog was most pleased with you.
You visited 1 branch of the dungeon, and saw 8 of its levels.

You collected 394 gold pieces.


Innate Abilities, Weirdness & Mutations

You are too large for most types of armour.
You have tough skin. (AC +1)


   Skills:
 + Level 14.1 Fighting
 - Level 6.5 Maces & Flails
 - Level 2.6 Dodging


You had 8 spell levels left.
You didn't know any spells.
Your spell library was empty.

Inventory:

Hand Weapons
 a - a +0 mace of freezing (weapon)
 s - a +0 giant spiked club
   (You took it off an ogre on level 5 of the Dungeon)
 A - a +0 giant club
   (You took it off an ogre on level 7 of the Dungeon)
Missiles
 h - 8 large rocks (quivered)
Armour
 b - a +1 animal skin (worn)
Jewellery
 v - a ring of magical power
   (You found it on level 7 of the Dungeon)
Wands
 w - a wand of iceblast (17)
   (You found it on level 6 of the Dungeon)
Scrolls
 e - a scroll of fear
 f - 3 scrolls of fog
 g - a scroll of amnesia
 i - 6 scrolls of teleportation
 r - 2 scrolls of poison
 t - a scroll of blinking
 y - a scroll of magic mapping
 z - a scroll of identify
Potions
 c - a potion of mutation {unknown}
 d - a potion of berserk rage {unknown}
 j - a potion of heal wounds {unknown}
 k - a potion of degeneration {unknown}
 l - 2 potions of ambrosia {unknown}
 m - 2 potions of magic
 n - 3 potions of curing {unknown}
 o - a potion of attraction {unknown}
 p - a potion of resistance {unknown}
 q - a potion of brilliance {unknown}
 u - a potion of lignification
 x - a potion of cancellation {unknown}

Dungeon Overview and Level Annotations

Branches:
Dungeon (8/15) Zot: 26849  Temple (0/1) D:6
   Lair: D:8-11

Altars:
Dithmenos
Hepliaklqana
Nemelex Xobeh

.######### ## .........#
#. #..#######.# #. ##..#
#.# #. ......#####.#####
#. #...l@......# # #.
#..####.###.#####. #. #..
#.#.......#.###. ....
#.#.#.#.#<#.))..
$#...####.#...#.#.###.#.
♣ ..................)....
.#............#.#.###...
.....########..#.#.######
.........#.#.......


You could see a wyvern.


Message History

😕 HP[-2]
You take 2 damage, and now have 110/113 hp.
You sock the orc wizard! You freeze the orc wizard.
The orc wizard mumbles some strange words.
The orc wizard flickers and vanishes!
Deactivating autopickup; reactivate with Ctrl-A.
The orc wizard misses you.
You hit the orc wizard. You freeze the orc wizard.
Something hits you but does no damage.
The orc wizard closely misses you. 😕 HP[+1]
You thump the orc wizard! You freeze the orc wizard.
You kill the orc wizard!
Trog accepts your kill.
Trog appreciates your killing of a magic user.
You hear some strange, mumbled words.
A magic dart appears from out of thin air!
The magic dart hits you! 😕 HP[-10]
You take 10 damage, and now have 101/113 hp.
You closely miss the orc. Something hits you.
The orc hits you with a +0 whip. x2
Something hits you. 😕 HP[-13]
You take 13 damage, and now have 88/113 hp.
Found a stone staircase leading up. 😕 HP[+1]
You thump something! You freeze something. Trog accepts your kill.
Trog appreciates your killing of a magic user.
Reactivating autopickup.
You feel a bit more experienced.
You hit the orc but do no damage. The orc closely misses you. 😕 HP[+1]
You hit the orc. You freeze the orc. The orc barely misses you.
You closely miss the orc.
The orc hits you with a +0 whip. 😕 HP[-4]
You take 4 damage, and now have 86/113 hp.
You hit the orc but do no damage.
The orc hits you but does no damage. 😕 HP[+1] Unknown command.
You hit the orc. You freeze the orc.
You kill the orc!
Trog accepts your kill.
You hit the orc. You freeze the orc.
The orc hits you with a +0 club. 😕 HP[-1]
You take 1 damage, and now have 86/113 hp.
You completely miss the orc. The orc closely misses you.
Unknown command.
You hit the orc. You freeze the orc.
You kill the orc!
Trog accepts your kill.
Items here: ))) [ †. 😕 HP[+1] No target in view!
Unknown command.
Key pressed, stopping explore.
Key pressed, stopping explore.
A wyvern comes into view.
The wyvern hisses angrily. 😎 HP[+26]
Your hp is fully restored (113).
A wyvern is nearby!
A wyvern is nearby!
A wyvern is nearby!
You closely miss the wyvern. The wyvern closely misses you.
The wyvern barely misses you.
You closely miss the wyvern. The wyvern bites you! 😕 HP[-17]
You take 17 damage, and now have 96/113 hp.
Unknown command.
You closely miss the wyvern. The wyvern closely misses you.
The wyvern barely misses you.
You hit the wyvern. You freeze the wyvern. The wyvern bites you! x2 😮 HP[-27]
You take 27 damage, and now have 69/113 hp.
MASSIVE DAMAGE!! (PAUSE)
The wyvern attacks as you move away! The wyvern bites you!
* * * LOW HITPOINT WARNING * * *
😨 HP[-15]
You take 15 damage, and now have 54/113 hp.
Unknown command.
The wyvern attacks as you move away! The wyvern completely misses you.
The wyvern bites you.
* * * LOW HITPOINT WARNING * * *
😨 HP[-2]
You take 2 damage, and now have 52/113 hp.
You hit the wyvern. You freeze the wyvern. The wyvern bites you!
* * * LOW HITPOINT WARNING * * *
😨 HP[-12]
You take 12 damage, and now have 40/113 hp.
You are too injured to fight recklessly!
You hit the wyvern but do no damage. The wyvern bites you!
* * * LOW HITPOINT WARNING * * *
The wyvern bites you!
* * * LOW HITPOINT WARNING * * *
😱 HP[-30]
You take 30 damage, and now have 10/113 hp.
MASSIVE DAMAGE!! (PAUSE)
You are too injured to fight recklessly!
You hit the wyvern but do no damage. The wyvern bites you!
You die...

Skill      XL: |  1  2  3  4  5  6  7  8  9 |
---------------+----------------------------+-----
Maces & Flails | 3 4 5 6 |  6.5
Fighting       | 5 9 12 14 | 14.1
Dodging        | |  2.6

Action                     |  1- 3 |  4- 6 |  7- 9 || total
---------------------------+-------+-------+-------++-------
  Melee: Mace              |    87 |   195 |   227 ||   509
         Punch             |       |     2 |       ||     2
 Invoke: Berserk           |       |     4 |     4 ||     8
         Trog's Hand       |       |     2 |       ||     2
    Use: Scroll            |       |     8 |     5 ||    13
         Potion            |       |     2 |       ||     2
   Stab: Sleeping          |     2 |       |       ||     2
 Armour: Animal skin       |    26 |    59 |    53 ||   138
         Skin              |       |    15 |       ||    15
  Dodge: Dodged            |    74 |   124 |   117 ||   315

Levels and vault maps discovered:
D:1:      elethiomel_arrival_infinity_welcomes_careful_drivers, layout_rooms,
          dreamdust_mushroom_princess
D:2:      layout_basic, basic_altar, kennysheep_nondescript, kennysheep_boxes,
          uniq_natasha
D:3:      layout_basic
D:4:      layout_gridville, lemuel_doored_altar
D:5:      layout_layer_cave, minmay_ogre_servants
D:6:      layout_basic, marbit_many_paths, minmay_temple_entry_statues
D:7:      layout_loops_cross, grunt_decor_junction, minmay_quadrilaterals
D:8:      gammafunk_steamed_eel, layout_basic, minmay_stone_trees_large,
          uniq_maurice

Notes
Turn   | Place    | Note
-------+----------+-------------------------------------------
     0 | D:1      | ytrimaz the Ogre Berserker began the quest for the Orb.
     0 | D:1      | Reached XP level 1. HP: 24/24 MP: 1/1
     0 | D:1      | magus.rc [v1.9.6]
    37 | D:1      | Reached skill level 3 in Maces & Flails
   107 | D:1      | Reached XP level 2. HP: 26/32 MP: 2/2
   780 | D:2      | Reached XP level 3. HP: 31/39 MP: 3/3
   867 | D:2      | Reached skill level 4 in Maces & Flails
   971 | D:2      | Reached XP level 4. HP: 33/48 MP: 4/4
  1040 | D:2      | Found a sparkling altar of Nemelex Xobeh.
  1219 | D:2      | Noticed Natasha
  1226 | D:2      | Killed Natasha
  1421 | D:2      | Reached ** piety under Trog
  1683 | D:3      | Reached skill level 5 in Maces & Flails
  1905 | D:3      | Reached XP level 5. HP: 54/54 MP: 5/5
  2638 | D:4      | HP: 11/54 [gnoll/+0 flail (12)]
  2640 | D:4      | HP: 1/54 [gnoll/+0 halberd (9)]
  2663 | D:3      | HP: 8/54 [gnoll/+0 flail (8)]
  3537 | D:4      | Reached XP level 6. HP: 62/62 MP: 6/6
  3623 | D:4      | HP: 17/93 [gnoll/+0 halberd (10)]
  3626 | D:4      | HP: 4/93 [gnoll/+0 club (8)]
  3627 | D:4      | Reached skill level 6 in Maces & Flails
  3804 | D:4      | Found a hazy altar of Hepliaklqana.
  3912 | D:5      | Entered Level 5 of the Dungeon
  4123 | D:5      | Reached skill level 5 in Fighting
  4204 | D:5      | Reached XP level 7. HP: 47/72 MP: 7/7
  4349 | D:5      | Reached skill level 6 in Fighting
  4720 | D:5      | Reached skill level 7 in Fighting
  4898 | D:5      | Reached skill level 8 in Fighting
  5558 | D:6      | Found a staircase to the Ecumenical Temple.
  5563 | D:6      | Reached skill level 9 in Fighting
  5563 | D:6      | Reached XP level 8. HP: 52/92 MP: 8/8
  5710 | D:6      | Found a shadowy altar of Dithmenos.
  5760 | D:6      | HP: 31/138 [steam dragon (4)]
  5763 | D:6      | HP: 15/138 [steam dragon] (3)]
  5764 | D:6      | HP: 7/138 [steam dragon (6)]
  5765 | D:6      | HP: 1/138 [steam dragon] (6)]
  6037 | D:6      | Reached skill level 10 in Fighting
  6642 | D:6      | Reached skill level 11 in Fighting
  7240 | D:7      | Reached skill level 12 in Fighting
  7244 | D:7      | Identified the +5 dagger "Ceell" {flame, rF+}
  7317 | D:7      | Reached XP level 9. HP: 105/109 MP: 9/9
  7516 | D:7      | Reached skill level 13 in Fighting
  7726 | D:7      | Upgraded the game from 0.30-a0-859-gf88a04b62d to
                  | 0.30-a0-860-g512cf1e979
  7726 | D:7      | magus.rc [v1.9.6]
  8362 | D:8      | Reached skill level 14 in Fighting
  8367 | D:8      | Reached *** piety under Trog
  8494 | D:8      | HP: 23/113 [wyvern (17)]
  8494 | D:8      | HP: 10/113 [wyvern (13)]
  8495 | D:8      | Slain by a wyvern

Vanquished Creatures
  2 steam dragons
  A water moccasin (D:7)
  5 ogres
  2 centaurs (D:7)
  A phantom (D:5)
  A kobold brigand (D:6)
  5 bullfrogs (D:7)
  2 scorpions
  A howler monkey (D:6)
  2 jellies
  7 hounds
  2 sleepcaps (D:6)
  Natasha (D:2)
  5 iguanas
  3 orc wizards
  7 gnolls
  7 adders
  A white imp (D:6)
  An ufetubus (D:4)
  2 worms
  3 dart slugs
  9 orcs
  3 ball pythons
  3 bats
  4 endoplasms
  13 goblins
  3 hobgoblins
  15 jackals
  2 quokkas
  2 frilled lizards
  8 kobolds
  3 rats (D:1)
126 creatures vanquished.

Vanquished Creatures (others)
  A shadow imp (D:6)
1 creature vanquished.

Grand Total: 127 creatures vanquished

Table legend:
 A = Non-vault XP
 B = Vault XP
 C = Vault XP percentage of total XP
 D = Non-vault monster count
 E = Vault monster count
 F = Vault count percentage of total count
                 A         B        C        D         E       F
            +---------+---------+-------+---------+---------+-------
      Total |    2760 |     606 |  18.0 |     111 |      15 |  11.9
            +---------+---------+-------+---------+---------+-------
        D:1 |      32 |       0 |   0.0 |      18 |       0 |   0.0
        D:2 |      66 |      35 |  34.7 |      16 |       1 |   5.9
        D:3 |      90 |       0 |   0.0 |      15 |       0 |   0.0
        D:4 |     142 |       0 |   0.0 |      20 |       0 |   0.0
        D:5 |     685 |     130 |  16.0 |      12 |       9 |  42.9
        D:6 |     628 |      97 |  13.4 |       9 |       1 |  10.0
        D:7 |    1036 |     344 |  24.9 |      16 |       4 |  20.0
        D:8 |      81 |       0 |   0.0 |       5 |       0 |   0.0
            +---------+---------+-------+---------+---------+-------

Illustrated notes

Table legend:
 A = Kills in this place as a percentage of kills in the entire game.
 B = Kills by you in this place as a percentage of kills by you in the entire game.
 C = Kills by friends in this place as a percentage of kills by friends in the entire game.
 D = Other kills in this place as a percentage of other kills in the entire game.
 E = Experience gained in this place as a percentage of experience gained in the entire game.
 F = Experience gained in this place divided by the number of levels of this place that you have seen.
                   A       B       C       D       E      F
               +-------+-------+-------+-------+-------+----------------------
         Total | 100.0 | 100.0 |   N/A |   N/A | 100.0 | 420.8
       Dungeon | 100.0 | 100.0 |   N/A |   N/A | 100.0 | 420.8
               +-------+-------+-------+-------+-------+----------------------

Table legend: (Time is in decaauts)
 A = Elapsed time spent in this place.
 B = Non-inter-level travel time spent in this place.
 C = Inter-level travel time spent in this place.
 D = Time resting spent in this place.
 E = Time spent auto-exploring this place.
 F = Levels seen in this place.
 G = Mean time per level.
                   A        B        C        D        E       F      G
               +--------+--------+--------+--------+--------+-----+--------+
         Total |   8647 |   8506 |    141 |    442 |   6844 |   8 | 1080.9 |
       Dungeon |   8647 |   8506 |    141 |    442 |   6844 |   8 | 1080.9 |
               +--------+--------+--------+--------+--------+-----+--------+

Top non-repeatable levels by time:
     D:6: 1566 daAuts
     D:5: 1529 daAuts
     D:7: 1421 daAuts
     D:4: 1161 daAuts
     D:3: 1135 daAuts
     D:2: 908 daAuts
     D:1: 774 daAuts
     D:8: 149 daAuts
